cohdb
Replays
Latest Replays
All Replays
Popular Replays
Top Player Replays
Match Explorer
How It Works
Community
CoH3 Stats
Reddit
Sign in to upload your games and track your stats! →
Sign in with Steam
Match 43490215
Unlisted
Match 43490215
Overview
Messages
Build Orders
End
Pioneer Squad
Construct Infanterie Kompanie
Selects Breakthrough Battlegroup
Selects Assault Grenadiers
Grenadier Squad
Grenadier Squad
Grenadier Squad
MG 42 Machine Gun Team
Construct Luftwaffe Kompanie
221 Scout Car
Selects Rapid Production
Selects Breakthrough
Jäger Squad
Construct Panzer Kompanie
Selects Blitzkrieg
Panzer IV Medium Tank
Stoßtruppen Squad
咚咚锵个腿
Porlex
0
0
Comments
sign in to comment!
No comments posted yet!